 Dungeon Crawl Stone Soup version 0.23.2-33-g5129a83184 (webtiles) character file.

Game seed: 9451026564956596978

138 Felnil the Skirmisher (level 5, 0/42 HPs)
             Began as a Mummy Fighter on Aug 5, 2019.
             Was a Plaything of Xom.
             Slain by a slave (5 damage)
             ... led by Pikel
             ... on level 3 of the Dungeon.
             The game lasted 00:13:32 (3453 turns).

Felnil the Skirmisher (Mummy Fighter)               Turns: 3453, Time: 00:13:33

Health: 0/42       AC:  6    Str: 19 (20) XL:     5   Next: 1%
Magic:  5/5        EV:  7    Int:  8      God:    Xom [......]
Gold:   147        SH:  9    Dex: 11      Spells: 4/4 levels left

rFire    x . .     SeeInvis .   a - +0 long sword
rCold    + . .     Gourm    .   c - +0 shield
rNeg     + + +     Faith    .   b - +0 scale mail
rPois    ∞         Spirit   .   (no helmet)
rElec    .         Reflect  .   (no cloak)
rCorr    .         Harm     .   (no gloves)
MR       .....                  (no boots)
Stlth    ..........             (no amulet)
HPRegen  0.14/turn              (no ring)
MPRegen  0.09/turn              (no ring)

@: no status effects
A: no food or potions, fire vulnerability, cold resistance 1, negative energy
resistance 3, torment resistance, unbreathing
a: Renounce Religion


You were on level 3 of the Dungeon.
You worshipped Xom.
You were a very special plaything of Xom.
You were not hungry.

You visited 1 branch of the dungeon, and saw 4 of its levels.

You collected 147 gold pieces.

Inventory:

Hand Weapons
 a - a +0 long sword (weapon)
Armour
 b - a +0 scale mail (worn)
 c - a +0 shield (worn)
Wands
 j - a wand of paralysis (17)
Scrolls
 d - 7 scrolls of identify
 e - a scroll of fear
 f - 3 scrolls of teleportation
 g - 2 scrolls of remove curse
 h - 3 scrolls of magic mapping
 i - 2 scrolls of fog


   Skills:
 + Level 3.8 Fighting
 + Level 2.5 Long Blades
 + Level 3.1 Armour
 + Level 3.1 Shields


You had 4 spell levels left.
You didn't know any spells.
Your spell library was empty.

Dungeon Overview and Level Annotations

Branches:
Dungeon (4/15)
 Temple: D:4-7

Altars:
Uskayaw
Xom

Annotations:
D:4 Pikel


Innate Abilities, Weirdness & Mutations

You do not eat or drink.
Your flesh is vulnerable to fire.
You are immune to poison.
Your flesh is cold resistant. (rC+)
You are immune to negative energy. (rN+++)
You are immune to unholy pain and torment.
You can survive without breathing.


Message History

You barely miss the slave.
The slave is lightly wounded.
The slave hits you but does no damage.
You closely miss the slave.
The slave is lightly wounded.
The slave barely misses you. You block the slave's attack.
You closely miss the slave.
The slave is lightly wounded.
The slave completely misses you.
You slash the slave!
The slave is heavily wounded.
You block the slave's attack.
Your shield prevents you from hitting the slave.
The slave is heavily wounded.
The slave closely misses you. You block the slave's attack.
Your shield prevents you from hitting the slave.
The slave is heavily wounded.
The slave hits you.
You die...
Xom roars with laughter!

#.# ####..........#..#.
#.####....##.#######.##.
###'##....................
#....#.#.##..#.#######(##.
#....#.#.#.........<[.....
#....#.#.#..#..........#..
#....#.#.#.......#.....#..
#....#.#.#..####.#####.#.%
#....#.#p@................
#.)..#.##..#######.###....
#....#....>...............
##'#######.........#.#.#..
#.# #########.#.#.###
######.#### #.#.#.# #
#<##(.....# #.#.#.# #
###.##......# #.....# #
#...##......# #.....#


You could see a slave.

Vanquished Creatures
  5 adders
  An ooze (D:1)
  3 worms
  A dart slug (D:1)
  5 leopard geckos
  6 orcs (D:3)
  3 bats (D:2)
  5 giant cockroaches
  8 goblins
  7 hobgoblins
  2 jackals (D:3)
  6 kobolds (D:1)
  3 quokkas
  3 frilled lizards
  6 rats
64 creatures vanquished.

Notes
Turn   | Place    | Note
-------+----------+-------------------------------------------
     0 | D:1      | Felnil the Mummy Fighter began the quest for the Orb.
     0 | D:1      | Reached XP level 1. HP: 18/18 MP: 1/1
   139 | D:1      | Reached XP level 2. HP: 24/24 MP: 2/2
   525 | D:1      | Reached XP level 3. HP: 29/29 MP: 3/3
   627 | D:1      | You fall through a shaft!
  1545 | D:2      | Reached XP level 4. HP: 28/35 MP: 4/4
  1723 | D:2      | Found a glowing golden altar of the Shining One.
  1726 | D:2      | Found a basalt altar of Yredelemnul.
  1726 | D:2      | Found a snail-covered altar of Cheibriados.
  1934 | D:2      | Found a shadowy altar of Dithmenos.
  1934 | D:2      | Found a shimmering altar of Xom.
  1934 | D:2      | Found a sparkling altar of Nemelex Xobeh.
  1957 | D:2      | Became a worshipper of Xom of Chaos
  2213 | D:3      | XOM: harmless Necr miscast
  2633 | D:3      | Found a hide-covered altar of Uskayaw.
  2637 | D:3      | XOM: medium Tloc miscast
  2741 | D:3      | XOM: stat loss: -1 Str (19/20)
  2797 | D:3      | XOM: harmless Pois miscast
  2991 | D:3      | XOM: harmless Summ miscast
  3229 | D:3      | XOM: medium Tmut miscast
  3434 | D:4      | Noticed a slave
  3437 | D:4      | Noticed a slave
  3438 | D:4      | Noticed a slave
  3438 | D:4      | Noticed Pikel
  3439 | D:4      | XOM: summons 3 hostile shadow creatures
  3439 | D:4      | Reached XP level 5. HP: 40/42 MP: 5/5
  3440 | D:4      | Noticed a phantom
  3440 | D:4      | Noticed an ogre
  3453 | D:3      | Slain by a slave

Skill      XL: |  1  2  3  4 |
---------------+-------------+-----
Long Blades    | 2 |  2.5
Armour         | 3 |  3.1
Shields        | 3 |  3.1
Fighting       | |  3.8

Action                   |  1- 3 |  4- 6 || total
-------------------------+-------+-------++-------
Melee: Long sword        |   128 |   130 ||   258
  Use: Scroll            |     6 |     1 ||     7
Armor: Scale mail        |    65 |    74 ||   139
Dodge: Dodged            |    54 |    47 ||   101
Block: Shield            |    73 |    73 ||   146
       Rpst.: Long sword |    16 |    19 ||    35
